 Dungeon Crawl Stone Soup version 0.18.1-48-g4cf74bf (webtiles) character file.

870 Heedrag the Destroyer (level 7, 0/36 HPs)
             Began as a Deep Elf Conjurer on Aug 7, 2016.
             Slain by a centaur zombie (2 damage)
             ... on level 5 of the Dungeon.
             The game lasted 00:10:27 (4159 turns).

Heedrag the Destroyer (Deep Elf Conjurer)           Turns: 4159, Time: 00:10:28

Health: 0/36       AC:  6    Str:  7    XL:     7   Next: 73%
Magic:  6/19       EV: 15    Int: 20    God:
Gold:   200        SH:  0    Dex: 15    Spells: 4 memorised, 6 levels left

rFire  + . .     SeeInvis .     t - +1 trident (venom)
rCold  + . .     Gourm    .     A - +2 robe {rC+ rF+}
rNeg   . . .     Faith    .     (no shield)
rPois  .         Spirit   .     (no helmet)
rElec  .         Dismiss  .     k - +0 cloak
rCorr  .         Reflect  .     l - +0 pair of gloves
SustAt .         Harm     .     (no boots)
MR     .....                    (no amulet)
Stlth  ++........               (no ring)
                                d - +2 ring of evasion

@: not resistant to hostile enchantments, unstealthy
A: no striking features
a: no special abilities


You were on level 5 of the Dungeon.
You were not hungry.

You visited 2 branches of the dungeon, and saw 6 of its levels.

You collected 200 gold pieces.

Inventory:

Hand Weapons
 t - a +1 trident of venom (weapon)
Armour
 k - a +0 cloak (worn)
 l - a +0 pair of gloves (worn)
 n - a +0 buckler
 A - a +2 robe of resistance (worn)
Jewellery
 d - a +2 ring of evasion (left hand)
 h - an uncursed ring of sustain attributes {unknown}
Wands
 y - a wand of flame (27/48)
Scrolls
 a - a scroll of amnesia {unknown}
 f - a scroll of immolation {unknown}
 m - a scroll of noise {unknown}
 p - a scroll of identify {unknown}
 u - a scroll of enchant weapon {unknown}
 v - a scroll of teleportation {unknown}
 w - a scroll of magic mapping {unknown}
 z - a scroll of blinking {unknown}
 F - a scroll of remove curse {unknown}
Potions
 e - a potion of haste {unknown}
 i - a potion of brilliance {unknown}
 j - a potion of curing
 o - 2 potions of degeneration {unknown}
 q - a potion of ambrosia {unknown}
 r - a potion of cure mutation {unknown}
 x - a potion of might {unknown}
 B - a potion of flight {unknown}
 D - a potion of lignification {unknown}
 H - a potion of agility {unknown}
Books
 b - a book of Conjurations

   Spells                             Type                      Level
   a - Magic Dart                     Conjuration                  1
   b - Searing Ray                    Conjuration                  2
   c - Dazzling Spray                 Conjuration/Hexes            3
   d - Fulminant Prism                Conjuration/Hexes            4
   e - Iskenderun's Mystic Blast      Conjuration                  4
   f - Iskenderun's Battlesphere      Conjuration/Charms           5
 G - a book of Burglary

   Spells                             Type                      Level
   a - Swiftness                      Charms/Air                   2
   b - Passwall                       Transmutation/Earth          2
   c - Passage of Golubria            Translocation                4
   d - Lee's Rapid Deconstruction     Earth                        5
   e - Darkness                       Hexes                        6
   f - Invisibility                   Hexes                        6
Comestibles
 c - 6 bread rations
 g - 4 meat rations
 s - 2 beef jerkies
 C - 5 chunks of flesh
 E - a slice of pizza


   Skills:
 - Level 2.4 Dodging
 - Level 2.4 Stealth
 + Level 6.8 Spellcasting
 * Level 8.4 Conjurations
 + Level 4.8 Charms


You had 6 spell levels left.
You knew the following spells:

 Your Spells              Type           Power        Failure   Level  Hunger
a - Magic Dart            Conj           ####         1%          1    None
b - Dazzling Spray        Conj/Hex       ###...       8%          3    #......
c - Iskenderun's Mystic   Conj           #####...     3%          4    ###....
d - Iskenderun's Battles  Conj/Chrm      ####....     21%         5    #####..


Dungeon Overview and Level Annotations

Branches:
Dungeon (5/15)             Temple (1/1) D:4

Altars:
Ashenzari
Elyvilon
Fedhas
Makhleb
Nemelex Xobeh
Pakellas
Qazlal
Ru
Sif Muna
Yredelemnul
The Shining One


Message History

* * * LOW HITPOINT WARNIN'
* * * Tha worker ant bites ye.
* * * LOW HITPOINT WARNIN'
* * * Castin': Dazzlin' Spray Confirm wit' . or Enter, or press ? or * ta list all spells.
Ye dinnae haf enough magic ta cast tha spell.
Tha centaur zombie misses ye.
Tha worker ant barely misses ye.
Found a meat ration.
Tha centaur zombie closely misses ye.
Found a war axe an' a scroll labeled MIEREO SIKEPS.
Ye see 'ere a rin' mail.
Tha worker ant completely misses ye.
Tha centaur zombie barely misses ye.
Tha centaur zombie hits ye but does nay damage.
Found a scroll labeled UGAEST WUILAM.
Tha centaur zombie hits ye.
* * * LOW HITPOINT WARNIN'
* * *
Found 15 arrows.
Tha centaur zombie hits ye.
Ye die...

#####...[...........# #
#...................# #
#...%....)(.........# #
#.).................#### #
#......#########>......# #
#......# ############.###
#.?....# ..........^...#.
#......###..............#.
##.....aZ@......(.........
#...........######.....##
#....?......# #.....##
#...........# ##....##
#...........# ####...
#.......(...# ###.##
#...........# #.....
#...........# #.....
#.....


You could see a worker ant and a centaur zombie.

Vanquished Creatures
  Sigmund (D:3)
  The ghost of Heedrag the Conjurer, an amateur DECj (D:5)
  A phantom (D:4)
  An ogre (D:4)
  A howler monkey (D:4)
  3 hounds
  An orc priest (D:4)
  2 worker ants
  An orc wizard (D:4)
  A hound skeleton (D:4)
  2 gnolls (D:2)
  3 adders
  A worm (D:5)
  A dart slug (D:2)
  6 giant geckos
  10 orcs
  3 giant cockroaches
  8 hobgoblins
  4 jackals (D:5)
  8 kobolds
  2 quokkas (D:2)
  A ball python (D:2)
  7 bats
  7 giant newts
  7 goblins
  A quokka skeleton (D:3)
  8 rats
92 creatures vanquished.

Notes
Turn   | Place    | Note
--------------------------------------------------------------
     0 | D:1      | Heedrag the Deep Elf Conjurer began the quest for the Orb.
     0 | D:1      | Reached XP level 1. HP: 10/10 MP: 6/6
   285 | D:1      | Reached XP level 2. HP: 14/15 MP: 5/8
   423 | D:1      | Reached skill level 5 in Conjurations
  1091 | D:2      | Reached XP level 3. HP: 19/19 MP: 5/10
  1099 | D:2      | Learned a level 3 spell: Dazzling Spray
  1472 | D:2      | Found a sparkling altar of Nemelex Xobeh.
  1697 | D:2      | Reached XP level 4. HP: 24/24 MP: 10/12
  1710 | D:2      | Found a glowing golden altar of the Shining One.
  1778 | D:2      | Learned a level 4 spell: Iskenderun's Mystic Blast
  1876 | D:3      | Noticed Sigmund
  2083 | D:3      | Found a stormy altar of Qazlal.
  2288 | D:4      | Reached skill level 6 in Conjurations
  2455 | D:4      | Reached skill level 5 in Spellcasting
  2455 | D:4      | Reached XP level 5. HP: 25/28 MP: 7/14
  2492 | D:4      | Learned a level 5 spell: Iskenderun's Battlesphere
  2570 | D:4      | Found a staircase to the Ecumenical Temple.
  2586 | D:4      | Noticed a phantom
  2700 | D:3      | Killed Sigmund
  2700 | D:3      | Reached skill level 7 in Conjurations
  2700 | D:3      | Reached XP level 6. HP: 26/32 MP: 0/16
  3191 | D:4      | Found a basalt altar of Yredelemnul.
  3206 | Temple   | Entered the Ecumenical Temple
  3590 | D:4      | Reached XP level 7. HP: 17/36 MP: 7/18
  3851 | D:4      | Found an oddly glowing altar of Pakellas.
  3926 | D:5      | Entered Level 5 of the Dungeon
  3979 | D:5      | Reached skill level 8 in Conjurations
  4016 | D:5      | Noticed Heedrag's ghost (amateur DECj)
  4021 | D:5      | Killed Heedrag's ghost
  4159 | D:5      | Slain by a centaur zombie

Skill      XL: |  1  2  3  4  5  6  7 |
---------------+----------------------+-----
Conjurations   | 5 6 7 8 |  8.4
Spellcasting   | 4 5 6 |  6.8
Charms         | 2 3 4 |  4.8
Dodging        | |  2.4
Stealth        | |  2.4

Action                   |  1- 3 |  4- 6 |  7- 9 || total
-------------------------+-------+-------+-------++-------
Melee: Short sword       |     2 |     7 |       ||     9
       Trident           |       |     1 |    14 ||    15
 Cast: Magic Dart        |    77 |   132 |    38 ||   247
       Dazzling Spray    |       |     6 |     4 ||    10
       Iskenderun's Batt |       |       |     1 ||     1
  Use: Potion            |       |       |     1 ||     1
 Stab: Sleeping          |       |     1 |       ||     1
  Eat: Chunk             |     2 |     6 |     2 ||    10
Armor: Robe              |     2 |     7 |    10 ||    19
Dodge: Dodged            |     8 |    26 |    30 ||    64
